 Dungeon Crawl Stone Soup version 0.23.0 (webtiles) character file.

Game seed: 16497568394464261898

943 Vno the Destroyer (level 7, -1/50 HPs)
             Began as a White Draconian Conjurer on Feb 8, 2019.
             Was an Initiate of Vehumet.
             Slain by a hippogriff (8 damage)
             ... on level 5 of the Dungeon.
             The game lasted 00:30:59 (6983 turns).

Vno the Destroyer (White Draconian Conjurer)        Turns: 6983, Time: 00:31:00

Health: -1/50      AC:  7    Str: 11    XL:     7   Next: 88%
Magic:  5/14       EV: 12    Int: 17    God:    Vehumet [......]
Gold:   338        SH:  0    Dex: 11    Spells: 10/16 levels left

rFire    . . .     SeeInvis .   u - staff of conjuration
rCold    + + .     Gourm    .   (no shield)
rNeg     . . .     Faith    .   (armour unavailable)
rPois    .         Spirit   .   (helmet restricted)
rElec    .         Reflect  .   v - +0 cloak
rCorr    .         Harm     .   (no gloves)
MR       .....                  (no boots)
Stlth    ++........             (no amulet)
HPRegen  0.16/turn              r - ring of ice
MPRegen  0.14/turn              q - ring of protection from fire

@: about to teleport
A: breathe frost, unfitting armour, cold resistance 1, cold-blooded, AC +6
a: Breathe Frost, Renounce Religion


You were on level 5 of the Dungeon.
You worshipped Vehumet.
Vehumet was noncommittal.
You were not hungry.

You visited 2 branches of the dungeon, and saw 7 of its levels.

You collected 338 gold pieces.

Inventory:

Hand Weapons
 o - a +2 dagger of speed
 s - a +2 dagger of protection
Armour
 v - a +0 cloak (worn)
Magical Staves
 t - an uncursed staff of poison
 u - an uncursed staff of conjuration (weapon)
Jewellery
 g - a +2 ring of strength
 q - a ring of protection from fire (right hand)
 r - a ring of ice (left hand)
Wands
 x - a wand of paralysis (12)
Scrolls
 a - 4 scrolls of teleportation
 c - 2 scrolls of enchant weapon {unknown}
 e - a scroll of magic mapping {unknown}
 f - 4 scrolls of fear {unknown}
 i - 4 scrolls of remove curse {unknown}
 k - 2 scrolls of fog {unknown}
 n - a scroll of enchant armour {unknown}
 p - a scroll of identify {unknown}
Potions
 d - a potion of mutation {unknown}
 h - a potion of might
 j - 4 potions of curing {unknown}
 l - 2 potions of invisibility {unknown}
 m - 2 potions of agility
Comestibles
 b - 7 rations


   Skills:
   Level 1.2 Axes
 - Level 1.9 Dodging
 - Level 1.7 Stealth
 + Level 5.2 Spellcasting
 * Level 8.2 Conjurations


You had 10 spell levels left.
You knew the following spells:

 Your Spells              Type           Power        Failure   Level  Hunger
a - Magic Dart            Conj           ####         1%          1    None
b - Searing Ray           Conj           #####.       1%          2    #......
c - Dazzling Spray        Conj/Hex       ####..       8%          3    ###....

Your spell library contained the following spells:

 Spells                   Type           Power        Failure   Level  Hunger
 Iskenderun's Mystic Bla  Conj           #####...     4%          4    ####...
 Force Lance              Conj/Tloc      ####....     26%         4    ####...
 Fulminant Prism          Conj/Hex       ####......   26%         4    ####...


Dungeon Overview and Level Annotations

Branches:
Dungeon (6/15)             Temple (1/1) D:4

Altars:
Ashenzari
Dithmenos
Elyvilon
Fedhas
Hepliaklqana
Makhleb
Okawaru
Qazlal
Trog
Uskayaw
Vehumet
Wu Jian
Zin
The Shining One


Innate Abilities, Weirdness & Mutations

You can breathe waves of freezing cold.
You can buffet flying creatures when you breathe cold.
Your icy white scales are hard. (AC +6)
You cannot fit into any form of body armour.
Your flesh is cold resistant. (rC+)
You are cold-blooded and may be slowed by cold attacks.


Message History

The hippogriff barely misses you.
Casting: Magic Dart (safe; 1% risk of failure)
Confirm with . or Enter, or press ? or * to list all spells.
Aiming: Dazzling Spray (safe; 8% risk of failure)
Press: ? - help, Shift-Dir - straight line, f/p - hippogriff
Aim: a hippogriff (moderately wounded)
You feel a surge of power!
The spray of energy hits the hippogriff.
The hippogriff is heavily wounded.
The hippogriff bites you but does no damage.
The hippogriff pecks you.
* * * LOW HITPOINT WARNING * * *
The hippogriff claws you!
* * * LOW HITPOINT WARNING * * *
Okay, then.
As you read the scroll labeled KOFOTI IKHANGAOT, it crumbles to dust.
You feel strangely unstable.
It was a scroll of teleportation.
The hippogriff bites you but does no damage.
The hippogriff pecks you!
You die...

##.# ##.....##
#####..# ##.......#
#......####........(
#.#.......'.........
#.#....####.........
#.#...## ##.......#
#....## ##.....##
###.## ##...## #@#
##'## #H# ####.# #.#
##.##.#
#.#######.#.#.####
#........###......
#########.#.....#.
#.......##.
#..........
#.......##.


You could see a hippogriff.

Vanquished Creatures
  An ice beast (D:4)
  2 centaurs (D:5)
  5 wights
  A crimson imp (D:5)
  2 hounds (D:5)
  An orc priest (D:5)
  2 orc wizards (D:5)
  An iguana (D:5)
  3 worker ants
  A hound skeleton (D:5)
  A worker ant zombie (D:5)
  Robin (D:2)
  6 adders
  2 shadow imps
  2 oozes (D:1)
  An adder skeleton (D:5)
  2 worms
  2 dart slugs
  4 leopard geckos
  5 orcs
  5 giant cockroaches
  15 goblins
  3 hobgoblins (D:2)
  8 jackals
  7 kobolds
  A quokka (D:5)
  4 ball pythons
  8 bats
  4 frilled lizards
  A leopard gecko zombie (D:5)
  A quokka skeleton (D:4)
  A quokka zombie (D:5)
  2 rats (D:1)
105 creatures vanquished.

Notes
Turn   | Place    | Note
-------+----------+-------------------------------------------
     0 | D:1      | Vno the Draconian Conjurer began the quest for the Orb.
     0 | D:1      | Reached XP level 1. HP: 14/14 MP: 3/3
   179 | D:1      | Reached XP level 2. HP: 14/20 MP: 0/5
   757 | D:1      | Reached XP level 3. HP: 26/26 MP: 0/6
   761 | D:1      | Learned a level 2 spell: Searing Ray
   765 | D:1      | Learned a level 3 spell: Dazzling Spray
   980 | D:2      | Reached skill level 5 in Conjurations
   986 | D:2      | Noticed Robin
  1202 | D:2      | Reached XP level 4. HP: 14/33 MP: 2/7
  1754 | D:2      | Reached skill level 1 in Axes
  2042 | D:2      | Killed Robin
  2161 | D:3      | Found a white marble altar of Elyvilon.
  2436 | D:3      | Found a bloodstained altar of Trog.
  2509 | D:3      | Found a shadowy altar of Dithmenos.
  2779 | D:3      | Reached XP level 5. HP: 38/38 MP: 3/9
  3768 | D:4      | Found a staircase to the Ecumenical Temple.
  3866 | Temple   | Entered the Ecumenical Temple
  3928 | Temple   | Became a worshipper of Vehumet
  4223 | D:5      | Entered Level 5 of the Dungeon
  4267 | D:5      | Noticed an ice beast
  4278 | D:4      | Killed an ice beast
  4278 | D:4      | Reached skill level 6 in Conjurations
  4278 | D:4      | Reached XP level 6. HP: 22/45 MP: 2/11
  5163 | D:5      | Reached skill level 7 in Conjurations
  5568 | D:5      | Your scales start taking on an icy white colour.
  5568 | D:5      | Reached XP level 7. HP: 19/50 MP: 8/13
  5568 | D:5      | Gained mutation: Your flesh is cold resistant. (rC+) [White
                  | Draconian growth]
  6311 | D:6      | Reached skill level 8 in Conjurations
  6344 | D:6      | Reached skill level 5 in Spellcasting
  6587 | D:6      | Noticed a hippogriff
  6983 | D:5      | Slain by a hippogriff

Skill      XL: |  1  2  3  4  5  6  7 |
---------------+----------------------+-----
Conjurations   | 5 6 7 8 |  8.2
Axes           | 1 |  1.2
Spellcasting   | 3 4 5 |  5.2
Dodging        | |  1.9
Stealth        | |  1.7

Action                   |  1- 3 |  4- 6 |  7- 9 || total
-------------------------+-------+-------+-------++-------
Melee: Unarmed           |    22 |       |       ||    22
       Tailslap          |     6 |     6 |       ||    12
       Hand axe          |    38 |    15 |       ||    53
       Dagger            |       |    41 |       ||    41
       Staff             |       |       |     2 ||     2
 Cast: Magic Dart        |    63 |   119 |    22 ||   204
       Searing Ray       |     4 |    19 |    10 ||    33
       Dazzling Spray    |       |     1 |     4 ||     5
 Abil: Breathe Frost     |       |       |     1 ||     1
  Use: Potion            |       |     3 |     1 ||     4
       Scroll            |       |       |     1 ||     1
  Eat: Chunk             |     2 |    12 |     2 ||    16
       Ration            |       |     1 |     1 ||     2
Armor: Skin              |    24 |    24 |    10 ||    58
Dodge: Dodged            |    61 |    48 |    23 ||   132
